 Dungeon Crawl Stone Soup version 0.20.1-1-g8b1a95d (webtiles) character file.

261 dohliylev the Covert (level 5, -8/36 HPs)
             Began as a Vampire Enchanter on July 9, 2017.
             Killed by divine providence
             ... invoked by an orc priest
              (17 damage)
             ... on level 4 of the Dungeon.
             The game lasted 00:19:44 (4778 turns).

dohliylev the Covert (Vampire Enchanter)            Turns: 4778, Time: 00:19:45

Health: -8/36      AC:  0    Str:  7    XL:     5   Next: 96%
Magic:  0/9        EV: 21    Int: 17    God:
Gold:   116        SH:  0    Dex: 21    Spells: 3/9 levels left

rFire    . . .     SeeInvis +   (weapon currently unavailable)
rCold    + . .     Gourm    .   (shield currently unavailable)
rNeg     + + .     Faith    .   (armour currently unavailable)
rPois    +         Spirit   .   (helmet currently unavailable)
rElec    .         Reflect  .   (cloak currently unavailable)
rCorr    .         Harm     .   (gloves currently unavailable)
MR       .....                  (boots currently unavailable)
Stlth    ++++++....             (no amulet)
Regen    0.1/turn               (ring currently unavailable)
MPRegen  0.2/turn               (ring currently unavailable)

@: bat-form, flying, regenerating slowly, very quick
A: fangs 3, see invisible
a: End Transformation


You were on level 4 of the Dungeon.
You were thirsty.
You were in vampire-bat-form.
You visited 1 branch of the dungeon, and saw 4 of its levels.

You collected 116 gold pieces.

Inventory:

Hand Weapons
 a - a +1 dagger (melded)
Missiles
 n - 6 needles of sleeping
Armour
 b - a +0 robe (melded)
 m - a +0 pair of gloves (melded)
 p - a scarf of repulsion (melded)
Jewellery
 e - a ring of ice (melded)
 g - an uncursed ring of resist corrosion
 q - a ring of magical power (melded)
Scrolls
 f - 3 scrolls of identify
 i - 2 scrolls of blinking
 j - 2 scrolls of enchant weapon
 l - a scroll of recharging {unknown}
 r - a scroll of amnesia
Potions
 d - 12 potions of blood
 h - a potion of brilliance {unknown}
 k - a potion of lignification {unknown}
 o - a potion of curing {unknown}
 s - a potion of invisibility {unknown}
Books
 c - a book of Maledictions

   Spells                             Type                      Level
   a - Corona                         Hexes                        1
   b - Ensorcelled Hibernation        Hexes/Ice                    2
   c - Confuse                        Hexes                        3
   d - Tukima's Dance                 Hexes                        3
   e - Dazzling Spray                 Conjuration/Hexes            3


   Skills:
 + Level 0.6 Fighting
 + Level 1.7 Short Blades
 + Level 2.7 Dodging
 * Level 8.0 Stealth
 + Level 2.8 Spellcasting
 + Level 5.3 Hexes
 + Level 1.3 Ice Magic


You had 3 spell levels left.
You knew the following spells:

 Your Spells              Type           Power        Failure   Level  Hunger
a - Corona                Hex            ###....      1%          1    #......
b - Ensorcelled Hibernat  Hex/Ice        ##....       7%          2    ##.....
c - Tukima's Dance        Hex            ###.....     6%          3    ###....


Dungeon Overview and Level Annotations

Branches:
Dungeon (4/15)
 Temple: D:4-7

Altars:
Fedhas


Innate Abilities, Weirdness & Mutations

You heal slowly.
You have razor-sharp teeth.
You have supernaturally acute eyesight. (SInv)
((You can survive without breathing.))


Message History

You feel a surge of power!
The orc priest resists with some effort.
Something hits the orc priest.
The orc priest calls upon Beogh to heal the orc priest.
The orc priest's wounds heal themselves!
The orc priest mumbles some strange prayers to Beogh against you.
Beogh smites you!
* * * LOW HITPOINT WARNING * * *
You turn into a vampire bat.
Your +1 dagger melds into your body.
Your scarf of repulsion melds into your body.
Your +0 pair of gloves melds into your body.
Your +0 robe melds into your body.
Your ring of magical power melds into your body.
Your ring of ice melds into your body.
The haze of the repulsion field disappears.
You feel your magic capacity decrease.
The orc priest closely misses something.
The orc priest invokes the aid of Beogh against you.
Beogh smites you!
You die...

####### ##'# #.....#
....##########.....#
o.......%....#.....# ####
....(..#.....#...>.# #...
....o..#.###'#.....# #...
##'#..o#b#.........# #...
...#...#o#....##'### #...
.#.'...oo+.....#.#####.##
#.#...#.#.....#l......#.
#...#.#.....#.#######.
#.<.#.#####.#.. #.
#...#.# .#.. ## #...#.#
.#... #...#.# ##..


You could see 2 orc priests and an orc.

Vanquished Creatures
  Sigmund (D:3)
  3 adders (D:3)
  A worm (D:2)
  A dart slug (D:1)
  5 leopard geckos
  5 bats
  5 giant cockroaches
  11 goblins
  7 hobgoblins
  11 jackals
  10 kobolds
  8 frilled lizards
  4 rats
  A plant (D:2)
73 creatures vanquished.

Notes
Turn   | Place    | Note
-------+----------+-------------------------------------------
     0 | D:1      | dohliylev the Vampire Enchanter began the quest for the Orb.
     0 | D:1      | Reached XP level 1. HP: 13/13 MP: 3/3
   113 | D:1      | Reached skill level 5 in Stealth
   133 | D:1      | Reached XP level 2. HP: 12/19 MP: 3/5
   310 | D:1      | Learned a level 2 spell: Ensorcelled Hibernation
   717 | D:1      | Reached XP level 3. HP: 24/24 MP: 6/6
  1136 | D:2      | Found a blossoming altar of Fedhas.
  1268 | D:2      | Reached skill level 6 in Stealth
  3809 | D:3      | Reached XP level 4. HP: 30/30 MP: 7/7
  3857 | D:3      | Learned a level 3 spell: Tukima's Dance
  3913 | D:3      | Noticed Sigmund
  3923 | D:3      | Killed Sigmund
  3923 | D:3      | Reached skill level 7 in Stealth
  3923 | D:3      | Reached skill level 5 in Hexes
  3923 | D:3      | Reached skill level 1 in Ice Magic
  3923 | D:3      | Reached XP level 5. HP: 31/36 MP: 9/9
  4747 | D:4      | Reached skill level 8 in Stealth
  4778 | D:4      | Killed from afar by an orc priest

Skill      XL: |  1  2  3  4  5 |
---------------+----------------+-----
Stealth        | 5 6 7 8 |  8.0
Hexes          | 5 |  5.3
Ice Magic      | 1 |  1.3
Fighting       | |  0.6
Short Blades   | |  1.7
Dodging        | |  2.7
Spellcasting   | |  2.8

Action                   |  1- 3 |  4- 6 || total
-------------------------+-------+-------++-------
Melee: Dagger            |   458 |    52 ||   510
       Bite              |    54 |     4 ||    58
       Unarmed           |    30 |       ||    30
 Cast: Corona            |     8 |       ||     8
       Ensorcelled Hiber |    41 |     9 ||    50
       Tukima's Dance    |       |     5 ||     5
 Abil: Bat Form          |     1 |     1 ||     2
       End Transformatio |     1 |       ||     1
  Use: Scroll            |     2 |     3 ||     5
       Potion            |     2 |       ||     2
 Stab: Sleeping          |    37 |    15 ||    52
       Distracted        |       |     1 ||     1
  Eat: Corpse            |       |     4 ||     4
Armor: Robe              |    27 |    11 ||    38
Dodge: Dodged            |   103 |    22 ||   125
